 Dungeon Crawl Stone Soup version 0.30.0-5-g1a98f26d00 (webtiles) character file.

Game seed: 4223649542501084075

349250 Lutefisk the Spry (level 21, -6/132 (136) HPs)
             Began as a Tengu Enchanter on May 8, 2023.
             Was a High Priest of Uskayaw.
             Mangled by a deep troll (13 damage)
             ... led by an ironbound preserver
             ... while paralysed by a dread lich
             ... on level 5 of the Vaults on May 10, 2023.
             The game lasted 04:52:55 (29699 turns).

Lutefisk the Spry (Tengu Enchanter)                Turns: 29699, Time: 04:52:56

HP:   -6/132 (136)  AC: 11    Str: 10    XL:     21   Next: 79%
MP:   20/30         EV:  2    Int: 22    God:    Uskayaw [*****.]
Gold: 4949          SH:  0    Dex: 40    Spells: 12/26 levels left

rFire   + . .        T - +5 scimitar (vamp)
rCold   . . .        Q - +0 kite shield
rNeg    . . .        S - +0 troll leather armour
rPois   .            (helmet restricted)
rElec   .            B - +1 cloak "Heogg" {rF+ Dex+3}
rCorr   +            e - +0 pair of fencer's gloves {Riposte Dex+3}
SInv    .            (boots unavailable)
Will    ++...        V - amulet of Woeh {Reflect Regen+ Dex+6 SH+5}
Stlth   +++++++      U - +6 ring of dexterity
HPRegen 2.02/turn    E - ring "Guqus" {Will+ rCorr Int+4 Stlth+}
MPRegen 0.22/turn

%: reflection
@: paralysed, lethally poisoned (-6 -> -6), flying quickly and evasively,
lightly drained, quick
A: beak, talons 3, nimble flight
}: 3/15 runes: serpentine, barnacled, silver
a: Renounce Religion, Stomp, Line Pass, Grand Finale


You were on level 5 of the Vaults.
You worshipped Uskayaw.
Uskayaw was aware of your devotion.
You visited 8 branches of the dungeon, and saw 37 of its levels.
You visited the Abyss 1 time.
You also visited: Bailey, Gauntlet and Desolation.

You collected 6241 gold pieces.
You spent 1292 gold pieces at shops.

Inventory:

Hand Weapons
 s - a +4 vampiric rapier
 R - a +5 demon blade of flaming
 T - a +5 vampiric scimitar (weapon)
Missiles
 v - 11 javelins
 y - 11 throwing nets
 D - 22 poisoned darts
 I - 11 curare-tipped darts (quivered)
Armour
 e - the +0 pair of fencer's gloves (worn) {Riposte Dex+3}
   (You acquired it on level 5 of the Lair of Beasts)

   Riposte:   It allows the wearer to riposte with melee weapons, swiftly
   retaliating against missed or blocked melee attacks.
   Dex:       It affects your dexterity (+3).
 B - the +1 cloak "Heogg" (worn) {rF+ Dex+3}
   (You found it on level 1 of the Shoals)

   Dex:       It affects your dexterity (+3).
   rF:        It protects you from fire.
 Q - a +0 kite shield (worn)
 S - a +0 troll leather armour (worn)
Jewellery
 i - a ring of resist corrosion
 o - a ring of see invisible
 r - a ring of positive energy
 E - the ring "Guqus" (right hand) {Will+ rCorr Int+4 Stlth+}
   (You found it on level 12 of the Dungeon)

   [ring of willpower]

   Int:       It affects your intelligence (+4).
   rCorr:     It protects you from acid and corrosion.
   Will:      It increases your willpower.
   Stlth:     It makes you more stealthy.
 K - a ring of protection from cold
 M - the ring of Heharao {Fly rElec Str-4 Dex+8 Slay-5}
   (You found it in the Desolation of Salt)

   [ring of flight]

   Str:       It affects your strength (-4).
   Dex:       It affects your dexterity (+8).
   Slay:      It affects your accuracy & damage with ranged weapons and melee
   (-5).
   rElec:     It insulates you from electricity.
   Fly:       It grants you flight.
 O - a ring of poison resistance
 U - a +6 ring of dexterity (left hand)
 V - the amulet of Woeh (around neck) {Reflect Regen+ Dex+6 SH+5}
   (You took it off a deep elf annihilator on level 2 of the Elven Halls)

   [amulet of reflection]

   It reflects blocked missile attacks.
   Dex:       It affects your dexterity (+6).
   Regen:     It increases your rate of health regeneration.
   SH:        It affects your SH (+5).
Wands
 q - a wand of mindburst (30)
 x - a wand of digging (8)
 A - a wand of roots (36)
 J - a wand of flame (39)
 P - a wand of paralysis (10)
 Y - a wand of light (19)
Scrolls
 a - 9 scrolls of teleportation
 b - 5 scrolls of fog
 f - 9 scrolls of vulnerability
 g - 3 scrolls of enchant armour
 m - 5 scrolls of enchant weapon
 n - 3 scrolls of poison
 p - 5 scrolls of immolation
 t - 7 scrolls of magic mapping
 u - a scroll of torment
 z - 7 scrolls of blinking
 C - 2 scrolls of summoning
 G - 7 scrolls of fear
Potions
 c - a potion of invisibility
 d - 7 potions of haste
 h - 3 potions of resistance
 j - 11 potions of curing
 k - 11 potions of mutation
 l - 11 potions of heal wounds
 w - 7 potions of might
 F - 5 potions of brilliance
 H - 5 potions of cancellation
 L - 7 potions of magic
 N - 7 potions of lignification
 W - 5 potions of attraction
 Z - 4 potions of ambrosia
Miscellaneous
 X - a phantom mirror


   Skills:
 - Level 16.0 Fighting
 - Level 1.1(9.0) Short Blades
 - Level 13.9(14.0) Long Blades
 - Level 1.0 Throwing
 - Level 15.0 Armour
 - Level 20.0 Dodging
 - Level 10.0 Stealth
 - Level 18.0 Shields
 - Level 3.0 Spellcasting
 - Level 3.0 Conjurations
 - Level 4.0 Hexes
 - Level 3.0 Air Magic
 - Level 1.0 Poison Magic
 * Level 11.6 Invocations
 - Level 7.0 Evocations


You had 12 spell levels left.
You knew the following spells:

 Your Spells              Type           Power      Damage    Failure   Level
a - Ensorcelled Hibernat  Hex/Ice        24%        N/A       17%         2
b - Confusing Touch       Hex            20%        N/A       16%         3
c - Mephitic Cloud        Conj/Pois/Air  13%        N/A       30%         3
d - Dazzling Flash        Conj/Hex       36%        N/A       19%         3
e - Tukima's Dance        Hex            20%        N/A       16%         3

Your spell library contained the following spells:

 Spells                   Type           Power      Damage    Failure   Level
 Static Discharge         Conj/Air       32%        2-4/arc   12%         2
 Poisonous Vapours        Pois/Air       24%        N/A       17%         2
 Sting                    Tmut/Pois      20%        1d4       22%         1
 Momentum Strike          Conj/Tloc      18%        3d8       22%         2
 Cigotuvi's Dreadful Rot  Necr/Pois/Air  18%        N/A       24%         2
 Summon Small Mammal      Summ           12%        N/A       26%         1
 Portal Projectile        Hex/Tloc       24%        N/A       34%         3
 Summon Guardian Golem    Hex/Summ       12%        N/A       34%         3
 Blink                    Tloc           6%         N/A       36%         2
 Lesser Beckoning         Tloc           6%         N/A       36%         2
 Scorch                   Fire           6%         2d5       36%         2
 Vhi's Electric Charge    Tloc/Air       18%        N/A       38%         3
 Cause Fear               Hex            10%        N/A       45%         4
 Spider Form              Tmut/Pois      5%         N/A       54%         3
 Ignite Poison            Fire/Tmut/Pois 4%         N/A       56%         3
 Airstrike                Air            8%         2d(2-18)  58%         4
 Call Canine Familiar     Summ           3%         N/A       61%         3
 Frozen Ramparts          Ice            6%         1d1       61%         3
 Gell's Gravitas          Tloc           3%         N/A       61%         3
 Ozocubu's Armour         Ice            3%         N/A       61%         3
 Teleport Other           Tloc           3%         N/A       61%         3
 Anguish                  Hex/Necr       6%         N/A       75%         4
 Leda's Liquefaction      Hex/Erth       6%         N/A       75%         4
 Flame Wave               Conj/Fire      9%         2d6       80%         4
 Sticky Flame             Conj/Fire      9%         2d3       80%         4
 Summon Lightning Spire   Summ/Air       9%         N/A       80%         4
 Olgreb's Toxic Radiance  Pois           7%         N/A       86%         4
 Silence                  Hex/Air        9%         N/A       86%         5
 Arcjolt                  Conj/Air       8%         1d18      91%         5
 Animate Armour           Summ/Erth      6%         N/A       95%         4
 Animate Dead             Necr           3%         N/A       95%         4
 Dispel Undead            Necr           3%         3d7       95%         4
 Ice Form                 Ice/Tmut       3%         N/A       95%         4
 Passage of Golubria      Tloc           3%         N/A       95%         4
 Summon Ice Beast         Ice/Summ       3%         N/A       95%         4
 Freezing Cloud           Conj/Ice/Air   6%         6-21      97%         5
 Summon Mana Viper        Hex/Summ       12%        N/A       97%         5
 Lee's Rapid Deconstruct  Erth           1%         3d4*      100%        5
 Summon Forest            Summ/Tloc      1%         N/A       100%        5
 Death Channel            Necr           1%         N/A       100%        6
 Dispersal                Tloc           1%         N/A       100%        6
 Eringya's Noxious Bog    Tmut/Pois      2%         N/A       100%        6
 Plasma Beam              Fire/Air       4%         2x1d16    100%        6
 Simulacrum               Ice/Necr       1%         N/A       100%        6
 Statue Form              Tmut/Erth      2%         N/A       100%        6
 Summon Cactus Giant      Summ           1%         N/A       100%        6
 Dragon Form              Tmut           1%         N/A       100%        7
 Haunt                    Necr/Summ      1%         N/A       100%        7
 Malign Gateway           Summ/Tloc      1%         N/A       100%        7
 Ozocubu's Refrigeration  Ice            1%         4d7       100%        7
 Summon Hydra             Summ           1%         N/A       100%        7
 Infestation              Necr           1%         N/A       100%        8
 Lehudib's Crystal Spear  Conj/Erth      4%         10d3      100%        8
 Summon Horrible Things   Summ           1%         N/A       100%        8
 Dragon's Call            Summ           1%         N/A       100%        9
 Polar Vortex             Ice            1%         N/A       100%        9


Dungeon Overview and Level Annotations

Branches:
Dungeon (13/15)            Temple (1/1) D:6            Lair (5/5) D:11
 Shoals (4/4) Lair:2        Snake (4/4) Lair:3        Slime (0/5) Lair:4
    Orc (2/2) D:12            Elf (3/3) Orc:2        Vaults (5/5) D:13
  Crypt (0/3) Vaults:3     Bailey (visited)         Desolation (visited)
Gauntlet (visited)

Altars:
Ashenzari
Cheibriados
Dithmenos
Elyvilon
Fedhas
Gozag
Hepliaklqana
Kikubaaqudgha
Makhleb
Nemelex Xobeh
Okawaru
Qazlal
Ru
Sif Muna
Trog
Uskayaw
Vehumet
Wu Jian
Xom
Yredelemnul
Zin
The Shining One
Jiyva

Shops:
D:3 !   Orc:2 *?[=   Elf:1 :   Shoals:4 (   Snake:3 *?[[   Vaults:2 [!

Portals:
Pandemonium: Orc:2

Annotations:
D:2 1 runed translucent door, Crazy Yiuf
D:4 3 runed translucent doors, hawla's ghost, novice MeFE
D:11 1 runed translucent door, ionbeam3's ghost, journeyman TrFi
Lair:4 1 runed translucent door
Elf:2 3 runed translucent doors
Elf:3 Roxanne


Innate Abilities, Weirdness & Mutations

You have a beak for a mouth.
You have claws for feet.
Your magical nature lets you fly swiftly and evasively.


Message History

The deep elf sorcerer misses you.
You stomp with the beat, sending a shockwave through the revellers around you!
The deep troll is almost dead.
The dread lich is almost destroyed.
You kill the tengu reaver!
The deep troll is lightly wounded.
The deep elf sorcerer is heavily wounded.
You feel very sick.
You block the deep elf sorcerer's attack.
The deep troll bites you!
The deep troll completely misses you. x3
You riposte.
You slash the deep troll!
You feel better.
Your kick misses the deep troll.
You peck the deep troll, but do no damage.
The deep troll is moderately wounded.
The deep troll completely misses you. You block the deep troll's attack.
The dread lich gestures at you while chanting.
You suddenly lose the ability to move!
You feel very sick.
The deep elf sorcerer hits you but does no damage.
The deep troll bites you! The deep troll claws you.
The deep troll claws you but does no damage.
The deep troll bites you. The deep troll claws you! The deep troll claws you.
The dread lich gestures wildly while chanting.
The dread lich flickers and vanishes!
Deactivating autopickup; reactivate with Ctrl-A.
The deep troll bites you!
* * * LOW HITPOINT WARNING * * *
The deep troll claws you.
* * * LOW HITPOINT WARNING * * *
The deep troll claws you.
* * * LOW HITPOINT WARNING * * *
The deep elf sorcerer hits you with a +0 short sword!
* * * LOW HITPOINT WARNING * * *
You feel sick.
The deep elf sorcerer hits you but does no damage.
The deep troll bites you but does no damage.
The deep troll claws you but does no damage. x2
The deep troll bites you!
* * * LOW HITPOINT WARNING * * *
The deep troll barely misses you. The deep troll claws you!
You die...

#.. #... #.
#.##...
#..#e#..L
#..#p... #..#...
#..#e. #....#
#...)###########
#....)T{@T......
#......eTT......
#.......T.......
#...............
#.....##########
#..........#
#..#.......#
#..######..#
#..#.......#


You could see a deep elf sorcerer (fast) and 5 deep trolls.

Vanquished Creatures
  A dread lich (Vaults:5)
  An ancient lich (Vaults:5)
  Margery (Vaults:4)
  Jorgrun (Elf:1)
  A lich (Vaults:5)
  A tentacled monstrosity (Vaults:5)
  A titan (Vaults:5)
  2 deep elf master archers (Elf:3)
  2 deep elf blademasters
  Asterion (Snake:3)
  A sphinx (Vaults:3)
  A shadow dragon (Vaults:3)
  Agnes (Elf:2)
  6 tengu reavers
  A storm dragon (Vaults:5)
  4 nagarajas
  2 fire giants (Vaults:5)
  4 imperial myrmidons (Desolation)
  3 frost giants
  Aizul (Elf:3)
  6 deep elf sorcerers
  9 vault wardens
  4 deep elf elementalists
  14 ironbound preservers
  3 stone giants (Vaults:5)
  7 very ugly things
  An orc warlord (Vaults:2)
  A war gargoyle (Vaults:4)
  4 ironbound thunderhulks
  5 deep elf demonologists (Elf:3)
  2 halazid warlocks (Desolation)
  7 deep elf annihilators
  3 merfolk javelineers
  The ghost of BraveToast the Basher, a journeyman FoFi of Qazlal (D:12)
  2 crystal guardians
  5 merfolk impalers
  4 ettins
  7 deep elf death magi
  6 deep elf high priests
  8 yaktaur captains
  28 vault guards
  4 great orbs of eyes
  7 servants of whispers (Desolation)
  3 salamander tyrants (Snake:4)
  6 ragged hierophants (Desolation)
  A hydra (Lair:5)
  A demonspawn (Orc:2)
  4 peacekeepers
  5 ironbound frosthearts
  6 merfolk avatars
  2 alligator snapping turtles (Shoals:4)
  6 anacondas
  2 satyrs
  2 catoblepae (D:13)
  3 merfolk aquamancers
  12 centaur warriors
  3 two-headed ogres
  12 dancing weapons
  A tengu warrior (D:12)
  A boulder beetle (Lair:4)
  8 orc high priests (Orc:2)
  6 naga warriors
  6 hell knights (Vaults:4)
  A deep troll earth mage (Vaults:5)
  6 shock serpents
  6 naga sharpshooters
  11 deep elf knights
  3 salamander mystics
  A sixfirhy (Orc:2)
  4 skysharks
  A skyshark (shapeshifter) (Elf:1)
  A goliath frog (Lair:5)
  18 sea snakes
  A flayed ghost (Vaults:5)
  Lodul (D:12)
  7 ironbound convokers
  2 lindwurms (Vaults:1)
  4 naga ritualists
  37 deep trolls
  3 wizards
  An orange crystal statue (Elf:1)
  15 deep elf archers
  11 orc knights
  9 ugly things
  7 harpies
  6 cyclopes
  16 deep elf zephyrmancers
  8 mana vipers
  A mana viper (shapeshifter) (Vaults:1)
  5 phantasmal warriors (Vaults:5)
  4 orc sorcerers (Orc:2)
  A cyclops (shapeshifter) (Vaults:5)
  4 necromancers
  31 deep elf pyromancers
  18 manticores
  10 fauns
  5 salamanders
  A sphinx skeleton (Vaults:4)
  A tengu skeleton (Vaults:4)
  13 vault sentinels
  39 black mambas
  A rust devil (Orc:2)
  A human skeleton (Vaults:4)
  6 merfolk sirens
  An elephant (shapeshifter) (Vaults:5)
  8 guardian serpents
  6 water nymphs
  11 naga magi
  19 cane toads
  A molten gargoyle (Desolation)
  An orange demon (Orc:2)
  An unseen horror (Orc:1)
  A yaktaur zombie (Vaults:4)
  2 komodo dragons (Lair:1)
  5 rime drakes
  8 yaktaurs
  8 trolls
  24 merfolk
  A tengu simulacrum (Vaults:4)
  5 wind drakes
  2 tyrant leeches (Lair:5)
  2 polar bears
  41 saltlings
  18 blink frogs
  A hornet (Vaults:5)
  A human simulacrum (Vaults:4)
  16 dream sheep
  9 slime creatures
  11 snapping turtles
  A jumping spider (shapeshifter) (D:13)
  5 air elementals
  3 shadows
  An elf zombie (Vaults:4)
  3 wraiths
  3 wyverns
  A vampire (D:9)
  7 water elementals
  A human (D:10)
  A steam dragon (D:8)
  66 yaks
  3 fire elementals
  3 hogs (D:10)
  11 vampire mosquitoes
  23 nagas
  7 wargs
  An acid dragon (D:11)
  10 water moccasins
  29 orc warriors
  2 black bears (Lair:3)
  An ice beast (D:7)
  14 ogres
  A sky beast (D:7)
  19 centaurs
  3 kobold brigands
  A phantom (D:6)
  11 bullfrogs
  4 earth elementals
  6 scorpions
  A gnoll sergeant (D:12)
  A wight (D:6)
  2 howler monkeys
  3 electric eels
  A lava snake (Lair:3)
  2 jellies
  A hound (D:4)
  23 orc priests
  Jessica (D:2)
  2 iguanas
  17 orc wizards
  7 adders
  19 gnolls
  2 white imps
  2 ufetubi
  3 worms
  A dart slug (D:1)
  67 orcs
  5 ball pythons
  3 bats
  3 endoplasms
  7 giant cockroaches
  10 goblins
  9 hobgoblins
  2 jackals (D:3)
  6 quokkas
  4 frilled lizards (D:1)
  16 kobolds
  7 rats
1256 creatures vanquished.

Vanquished Creatures (collateral kills)
  A deep elf annihilator (Elf:3)
  An alligator snapping turtle (Shoals:4)
2 creatures vanquished.

Vanquished Creatures (others)
  2 deep elf knights (Elf:3)
  A deep elf zephyrmancer (Elf:3)
  A manticore (Shoals:1)
  A black bear (D:8)
  2 electric eels
  An orc (Vaults:5)
  2 goblins (D:8)
10 creatures vanquished.

Grand Total: 1268 creatures vanquished

Notes
Turn   | Place    | Note
-------+----------+-------------------------------------------
     0 | D:1      | Lutefisk the Tengu Enchanter began the quest for the Orb.
     0 | D:1      | Reached XP level 1. HP: 10/10 MP: 4/4
    24 | D:1      | Found a faded altar of an unknown god.
   107 | D:1      | Reached skill level 1 in Fighting
   115 | D:1      | Prayed at the altar of an unknown god.
   115 | D:1      | Became a worshipper of Uskayaw the Reveller
   115 | D:1      | Reached * piety under Uskayaw
   119 | D:1      | Reached ** piety under Uskayaw
   125 | D:1      | Reached XP level 2. HP: 16/16 MP: 6/6
   412 | D:1      | Reached XP level 3. HP: 22/22 MP: 7/7
   602 | D:2      | Noticed Jessica
   615 | D:2      | Killed Jessica
   617 | D:2      | Reached XP level 4. HP: 4/28 MP: 8/8
   905 | D:2      | Learned a level 2 spell: Ensorcelled Hibernation
   909 | D:2      | Learned a level 3 spell: Confusing Touch
   999 | D:2      | Found a runed translucent door.
  1000 | D:2      | Noticed Crazy Yiuf
  1151 | D:2      | Reached skill level 1 in Armour
  1291 | D:3      | You fall into a shaft and drop 2 floors!
  1291 | D:5      | Entered Level 5 of the Dungeon
  1416 | D:4      | Found a hide-covered altar of Uskayaw.
  1417 | D:4      | Noticed an orc warrior
  1419 | D:4      | Found a snail-covered altar of Cheibriados.
  1586 | D:3      | Reached skill level 1 in Long Blades
  1595 | D:3      | Gained mutation: Your magical nature lets you fly swiftly
                  | and evasively. [Tengu growth]
  1595 | D:3      | Reached XP level 5. HP: 23/32 MP: 9/9
  1695 | D:3      | Found Nimuddy's Distillery.
  1703 | D:3      | Bought a potion of curing for 30 gold pieces
  1703 | D:3      | Bought a potion of heal wounds for 50 gold pieces
  1978 | D:4      | Reached skill level 3 in Dodging
  2081 | D:5      | Identified the +2 robe "Nompemoh" {rF++}
  2104 | D:5      | Reached XP level 6. HP: 37/37 MP: 10/10
  2204 | D:5      | Noticed an ice beast
  2273 | D:5      | Reached skill level 5 in Stealth
  2387 | D:4      | Found a white marble altar of Elyvilon.
  2387 | D:4      | Found a glowing golden altar of the Shining One.
  2387 | D:4      | Found a glowing silver altar of Zin.
  2396 | D:4      | Found a runed translucent gate.
  2399 | D:4      | Found a runed translucent gate.
  2399 | D:4      | Found a runed translucent gate.
  2401 | D:4      | Noticed hawla's ghost (novice MeFE)
  2443 | D:4      | Found a bloodstained altar of Trog.
  2443 | D:4      | Found a shadowy altar of Dithmenos.
  2556 | D:4      | Reached XP level 7. HP: 25/43 MP: 7/11
  2716 | D:6      | Reached *** piety under Uskayaw
  2813 | D:6      | Found an opulent altar of Gozag.
  2831 | D:6      | Reached skill level 1 in Throwing
  2831 | D:6      | Reached skill level 4 in Dodging
  2942 | D:6      | Found a sparkling altar of Nemelex Xobeh.
  3015 | D:6      | Found a shimmering altar of Xom.
  3155 | D:6      | Reached skill level 5 in Dodging
  3155 | D:6      | Reached XP level 8. HP: 27/48 MP: 12/12
  3239 | D:6      | Found a staircase to the Ecumenical Temple.
  3246 | Temple   | Entered the Ecumenical Temple
  3304 | D:6      | Reached skill level 5 in Fighting
  3304 | D:6      | Reached skill level 5 in Long Blades
  3494 | D:7      | Found an ancient bone altar of Kikubaaqudgha.
  3656 | D:7      | Reached skill level 6 in Dodging
  3725 | D:7      | Noticed a vault sentinel
  3725 | D:7      | Noticed a vault sentinel
  3882 | D:7      | Reached skill level 1 in Evocations
  4026 | D:7      | Reached XP level 9. HP: 54/54 MP: 10/13
  4148 | D:8      | Found a hazy altar of Hepliaklqana.
  4239 | D:8      | Found a flagged portal.
  4351 | Bailey   | Entered a bailey
  4704 | D:8      | Noticed a troll
  4777 | D:8      | Found a stormy altar of Qazlal.
  4823 | D:8      | Found a basalt altar of Yredelemnul.
  4826 | D:8      | Found a broken altar of Ashenzari.
  4827 | D:8      | Found a radiant altar of Vehumet.
  4828 | D:8      | Found an ornate altar of the Wu Jian Council.
  4961 | D:8      | Noticed a two-headed ogre
  5120 | D:9      | Reached skill level 1 in Air Magic
  5131 | D:9      | Learned a level 3 spell: Mephitic Cloud
  5159 | D:9      | Found a blossoming altar of Fedhas.
  5235 | D:9      | Found a shimmering blue altar of Sif Muna.
  5471 | D:9      | Found a burning altar of Makhleb.
  5587 | D:9      | Reached skill level 1 in Poison Magic
  5724 | D:10     | Entered Level 10 of the Dungeon
  5894 | D:10     | Noticed a gargoyle
  5975 | D:10     | Noticed a troll
  5976 | D:10     | Noticed a troll
  6204 | D:8      | Killed a troll
  6205 | D:8      | Reached skill level 7 in Dodging
  6205 | D:8      | Reached XP level 10. HP: 41/60 MP: 12/14
  6574 | D:10     | Reached skill level 8 in Dodging
  6790 | D:10     | Reached **** piety under Uskayaw
  6863 | D:10     | Reached skill level 5 in Armour
  7013 | D:10     | Found an iron altar of Okawaru.
  7221 | D:11     | Reached ***** piety under Uskayaw
  7302 | D:11     | Noticed a centaur warrior
  7334 | D:11     | Found a staircase to the Lair.
  7484 | Lair:1   | Entered Level 1 of the Lair of Beasts
  7493 | Lair:1   | Noticed a black mamba
  7519 | Lair:1   | Reached skill level 9 in Dodging
  7800 | Lair:1   | Reached XP level 11. HP: 63/67 MP: 13/15
  8033 | Lair:2   | Noticed a death yak
  8034 | Lair:2   | Noticed a death yak
  8034 | Lair:2   | Noticed a death yak
  8137 | Lair:2   | You are sucked into a shaft and drop 2 floors!
  8194 | Lair:4   | Noticed a boulder beetle
  8205 | Lair:4   | Killed a boulder beetle
  8594 | Lair:3   | Found a staircase to the Snake Pit.
  8727 | Lair:3   | Reached skill level 10 in Dodging
  8760 | Lair:3   | Reached skill level 5 in Evocations
  9017 | Lair:2   | Found a staircase to the Shoals.
  9127 | Lair:2   | Learned a level 3 spell: Dazzling Flash
  9151 | Lair:2   | Noticed a death yak
  9254 | Lair:3   | Reached XP level 12. HP: 46/75 MP: 8/17
  9307 | Lair:3   | Got the Quarto of the Zephyr and the Rocks
  9497 | Lair:4   | Found a staircase to the Slime Pits.
  9500 | Lair:4   | Found a viscous altar of Jiyva.
  9523 | Lair:4   | Reached skill level 1 in Shields
  9958 | Lair:4   | Found a runed translucent door.
 10075 | Lair:4   | Noticed a five-headed hydra
 10130 | Lair:2   | Reached skill level 10 in Fighting
 10399 | Lair:5   | Entered Level 5 of the Lair of Beasts
 10399 | Lair:5   | Noticed a skyshark
 10490 | Lair:5   | Noticed a skyshark
 10504 | Lair:5   | Reached skill level 5 in Shields
 10581 | Lair:5   | Reached ****** piety under Uskayaw
 10865 | Lair:1   | Noticed a catoblepas
 10916 | Lair:1   | Learned a level 3 spell: Tukima's Dance
 11386 | D:11     | Found a runed translucent door.
 11401 | D:11     | Noticed ionbeam3's ghost (journeyman TrFi)
 11430 | D:12     | Noticed a centaur warrior
 11430 | D:12     | Noticed a centaur warrior
 11430 | D:12     | Noticed a tengu warrior
 11430 | D:12     | Noticed a naga warrior
 11430 | D:12     | Noticed a centaur warrior
 11430 | D:12     | Found a runed translucent gate.
 11430 | D:12     | Found a runed translucent gate.
 11430 | D:12     | Found a runed translucent gate.
 11432 | D:12     | Found an iron altar of Okawaru.
 11432 | D:12     | Noticed BraveToast's ghost (journeyman FoFi)
 11432 | D:12     | Noticed a merfolk impaler
 11432 | D:12     | Noticed a centaur warrior
 11433 | D:12     | Noticed a merfolk impaler
 11489 | D:12     | Found a staircase to the Orcish Mines.
 11552 | D:12     | Noticed Lodul
 11565 | D:12     | Killed Lodul
 11593 | D:12     | Reached XP level 13. HP: 73/82 MP: 15/18
 11597 | D:12     | Reached skill level 11 in Dodging
 11749 | Orc:1    | Entered Level 1 of the Orcish Mines
 11960 | D:12     | Reached skill level 12 in Dodging
 12392 | Orc:2    | Entered Level 2 of the Orcish Mines
 12413 | Orc:2    | Paralysed by an orc sorcerer for 4 turns
 12524 | Orc:2    | Found a burning altar of Makhleb.
 12685 | Orc:2    | Found a gate leading to a gauntlet.
 12707 | Gauntlet | Entered a Gauntlet
 12707 | Gauntlet | Found a transporter.
 12714 | Gauntlet | Found a transporter.
 12717 | Gauntlet | Found a transporter.
 12718 | Gauntlet | Found a transporter.
 12727 | Gauntlet | Found a transporter.
 12729 | Gauntlet | Found a transporter.
 12730 | Gauntlet | Found a transporter.
 12738 | Gauntlet | Found a transporter.
 12741 | Gauntlet | Found a transporter.
 12742 | Gauntlet | Found a transporter.
 12750 | Gauntlet | Found a transporter.
 12753 | Gauntlet | Found a transporter.
 12754 | Gauntlet | Found a transporter.
 12758 | Gauntlet | Found a runed translucent door.
 12759 | Gauntlet | Noticed a reaper
 12760 | Gauntlet | Found a runed translucent door.
 12762 | Gauntlet | Found a transporter.
 13032 | Orc:2    | Noticed an ettin
 13136 | Orc:2    | Killed an ettin
 13272 | Orc:2    | Found a staircase to the Elven Halls.
 13597 | Orc:2    | Found Sibuff's Magic Scroll Shoppe.
 13604 | Orc:2    | Found Enoafud's General Store.
 13892 | Orc:2    | Bought a scroll of teleportation for 42 gold pieces
 13892 | Orc:2    | Bought a scroll of fear for 56 gold pieces
 13894 | Orc:2    | Bought a scroll of fear for 68 gold pieces
 13894 | Orc:2    | Bought a potion of curing for 51 gold pieces
 14854 | D:13     | Reached skill level 1 in Invocations
 14989 | D:13     | Found a gate to the Vaults.
 15077 | D:13     | Found a hazy altar of Hepliaklqana.
 15141 | D:13     | Reached skill level 10 in Long Blades
 15148 | D:13     | Reached XP level 14. HP: 84/92 MP: 8/19
 15957 | Lair:5   | Identified a scroll of acquirement
 15958 | Lair:5   | Acquired the +0 pair of fencer's gloves {Riposte Dex+3}
 15958 | Lair:5   | Found the +0 pair of fencer's gloves {Riposte Dex+3}
 16719 | Shoals:1 | Entered Level 1 of the Shoals
 16877 | Shoals:1 | Reached skill level 10 in Armour
 17611 | Shoals:1 | Reached XP level 15. HP: 49/96 MP: 17/20
 17615 | Shoals:1 | You are sucked into a shaft and drop 1 floor!
 17674 | Shoals:1 | Identified the +1 cloak "Heogg" {rF+ Dex+3}
 17835 | Shoals:2 | Reached skill level 10 in Shields
 18745 | Shoals:4 | Entered Level 4 of the Shoals
 18749 | Shoals:4 | Reached skill level 13 in Dodging
 18953 | Shoals:4 | Found Mutwetiq's Weapon Shop.
 19053 | Shoals:4 | Reached skill level 14 in Dodging
 19084 | Shoals:4 | Noticed a frost giant
 19237 | Shoals:4 | Identified the +8 quarterstaff "Lutefisk's Doom" {freeze,
                  | rPois Str+3}
 19336 | Shoals:4 | Reached XP level 16. HP: 79/103 MP: 17/21
 19947 | Shoals:4 | Reached skill level 10 in Stealth
 20030 | Shoals:4 | Got a barnacled rune of Zot
 20178 | Snake:1  | Entered Level 1 of the Snake Pit
 20188 | Snake:1  | Found a blossoming altar of Fedhas.
 20775 | Snake:2  | Reached skill level 15 in Dodging
 20897 | Snake:3  | Found Caemulex's Armour Shop.
 20902 | Snake:3  | Found Lequzik's Armour Shop.
 21052 | Snake:3  | Reached skill level 16 in Dodging
 21396 | Snake:3  | Reached XP level 17. HP: 103/112 MP: 22/22
 21411 | Snake:3  | Noticed Asterion
 21422 | Snake:3  | Killed Asterion
 21527 | Snake:4  | Entered Level 4 of the Snake Pit
 21665 | Snake:3  | Found Elaogher's Magic Scroll Emporium.
 21670 | Snake:3  | Bought a scroll of teleportation for 54 gold pieces
 21670 | Snake:3  | Bought a scroll of fear for 72 gold pieces
 21670 | Snake:3  | Bought a scroll of blinking for 135 gold pieces
 21670 | Snake:3  | Bought a scroll of identify for 36 gold pieces
 22049 | Snake:4  | Reached skill level 15 in Fighting
 22428 | Snake:4  | Noticed a quicksilver dragon
 22494 | Snake:4  | Got a serpentine rune of Zot
 22518 | Snake:4  | Noticed a quicksilver dragon
 22679 | Snake:3  | Found Ucomos's Mass Market.
 23121 | Orc:2    | Found Effapnesk's Antique Armour Shop.
 23121 | Orc:2    | Found Odaet Kajam's Jewellery Boutique.
 23123 | Orc:2    | Found a one-way gate leading to the halls of Pandemonium.
 23132 | Orc:2    | Bought a smoking hat for 234 gold pieces
 23132 | Orc:2    | Identified the -2 hat of Beewkinn {rC+} (You bought it in a
                  | shop on level 2 of the Orcish Mines)
 23189 | Elf:1    | Entered Level 1 of the Elven Halls
 23204 | Elf:1    | Noticed Jorgrun
 23219 | Elf:1    | Killed Jorgrun
 23317 | Elf:1    | Found Wupty's Tiny Tomes.
 23373 | Elf:2    | Identified the +5 scale mail "Fiov Cinn" {Will- Str+7}
 23501 | Elf:2    | Noticed Agnes
 23510 | Elf:2    | Killed Agnes
 23511 | Elf:2    | Reached XP level 18. HP: 77/119 MP: 23/23
 23550 | Elf:2    | Paralysed by an air elemental for 1 turns
 23907 | Elf:2    | Identified the +8 bardiche of Optimality {flame, Str+2
                  | Dex+5}
 23958 | Elf:2    | Found a runed translucent gate.
 23961 | Elf:2    | Found a runed translucent gate.
 23961 | Elf:2    | Found a runed translucent gate.
 24006 | Elf:3    | Entered Level 3 of the Elven Halls
 24141 | Elf:3    | Noticed Roxanne
 24178 | Elf:3    | Reached skill level 17 in Dodging
 24354 | Elf:3    | Noticed Aizul
 24387 | Elf:3    | Killed Aizul
 24576 | Elf:3    | Noticed a deep elf blademaster
 24609 | Elf:2    | Killed a deep elf blademaster
 24661 | Elf:3    | Identified the amulet of Woeh {Reflect Regen+ Dex+6 SH+5}
 24701 | Elf:2    | Reached skill level 18 in Dodging
 24778 | Elf:3    | Noticed a deep elf master archer
 24791 | Elf:3    | Killed a deep elf master archer
 24791 | Elf:3    | Noticed a deep elf master archer
 24796 | Elf:3    | Identified the +2 plate armour of Nuimuana {-Cast Dex+6}
 24799 | Elf:3    | Identified the +2 long sword of an ice cave {heavy, rPois}
 24869 | Elf:3    | Killed a deep elf master archer
 24870 | Elf:3    | Noticed a deep elf blademaster
 24885 | Elf:3    | Killed a deep elf blademaster
 24892 | Elf:3    | Identified the amulet of Suspicion {-Tele rN+++ Regen+
                  | Str-3 Dex+3}
 24897 | Elf:3    | Noticed a Tzitzimitl
 24898 | Elf:3    | Noticed a Brimstone Fiend
 24907 | Elf:3    | Identified the +1 robe of the Moon {rElec rPois Will++
                  | Str-3}
 24911 | Elf:3    | Identified the +5 morningstar of the Postmodern Friends
                  | {distort, Int+2 Stlth+}
 24927 | Abyss:3  | Cast into level 3 of the Abyss (a deep elf sorcerer)
 24978 | Elf:3    | Escaped the Abyss
 25121 | Elf:3    | Reached XP level 19. HP: 115/125 MP: 24/24
 25145 | Elf:3    | Noticed a Tzitzimitl
 25185 | Elf:3    | Identified the staff of death "Qatwiq" {rElec rPois rN+}
 25231 | Elf:3    | Identified the staff of conjuration "Rozi" {rF+ rC+}
 25236 | Elf:3    | Identified the +0 dagger "Newtslayer" {flame, rF- rC+ rN+
                  | Dex+3}
 25420 | Elf:1    | Reached skill level 19 in Dodging
 25720 | Elf:1    | Identified the +0 robe of Jemoqem {rC++}
 25906 | D:12     | Killed BraveToast's ghost
 25939 | D:12     | Identified the ring "Guqus" {Will+ rCorr Int+4 Stlth+}
 26058 | Vaults:1 | Entered Level 1 of the Vaults
 26191 | Vaults:1 | Reached skill level 20 in Dodging
 26512 | Vaults:1 | Reached skill level 15 in Shields
 26833 | Vaults:2 | Found Zaimec's Armour Emporium.
 27214 | Vaults:2 | Found Nasar's Distillery.
 27222 | Vaults:2 | Bought 2 potions of heal wounds for 160 gold pieces
 27222 | Vaults:2 | Bought a potion of curing for 48 gold pieces
 27222 | Vaults:2 | Bought a potion of heal wounds for 80 gold pieces
 27222 | Vaults:2 | Bought a potion of lignification for 48 gold pieces
 27222 | Vaults:2 | Bought a potion of mutation for 128 gold pieces
 27537 | Vaults:3 | Reached XP level 20. HP: 131/131 MP: 25/25
 27559 | Vaults:3 | Found a staircase to the Crypt.
 27923 | Vaults:4 | Paralysed by a great orb of eyes for 2 turns
 27929 | Vaults:4 | Reached skill level 15 in Armour
 27965 | Vaults:4 | Reached skill level 5 in Invocations
 28027 | Vaults:4 | Found a crumbling gateway.
 28040 | Desolati | Entered the Desolation of Salt
 28266 | Desolati | Identified the ring of Heharao {Fly rElec Str-4 Dex+8
                  | Slay-5}
 28431 | Desolati | Got Luedoyn's Directory of Hoarfrost and Permutations
 28447 | Desolati | Identified the +5 hand axe of Puykler {spect, Contam Str+4}
 28449 | Desolati | Identified the +2 flail "Xecwabim" {speed, rElec Will-
                  | Dex+5}
 28527 | Desolati | Identified the amulet of Cercheh {Faith Int+3}
 28678 | Desolati | Identified the +3 plate armour "Reopelar" {Int+5}
 28973 | Vaults:4 | Noticed Margery
 28988 | Vaults:4 | Killed Margery
 29063 | Vaults:4 | Reached XP level 21. HP: 128/136 MP: 28/28
 29086 | Vaults:5 | Entered Level 5 of the Vaults
 29103 | Vaults:5 | Noticed a dread lich
 29112 | Vaults:5 | Killed a dread lich
 29214 | Vaults:5 | Identified the +10 short sword of Cilac {venom, Int+4}
 29229 | Vaults:5 | Got a silver rune of Zot
 29241 | Vaults:5 | Identified the +2 chain mail "Daphoxti" {rN+ Regen+}
 29272 | Vaults:5 | Got the Teachings on Curses and Accelerants
 29439 | Vaults:5 | Reached skill level 10 in Invocations
 29634 | Vaults:5 | Noticed an ancient lich
 29649 | Vaults:5 | Killed an ancient lich
 29672 | Vaults:5 | Noticed a dread lich
 29697 | Vaults:5 | Paralysed by a dread lich for 4 turns
 29699 | Vaults:5 | Mangled by a deep troll

Illustrated notes

Levels and vault maps discovered:
D:1:      saegor_arrival_simple_a, layout_loops_corners,
          chequers_ecumenical_altar_island
D:2:      layout_rooms, nicolae_elevator_lobby_plus, uniq_crazy_yiuf_cottage,
          uniq_jessica
D:3:      layout_basic, serial_rivers, chequers_serial_rivers_micro_b,
          chequers_serial_rivers_room_a, chequers_serial_rivers_small_3,
          chequers_serial_rivers_micro_e, chequers_serial_rivers_micro_b,
          chequers_serial_rivers_marsh, serial_shops,
          nicolae_shop_hallway_stairs, minmay_misc_feat_chi,
          minmay_misc_feat_enclosed
D:4:      layout_rooms, good_gods_mini_temple,
          chequers_temple_overflow_statue_of_worship, ebering_ghost_rock_garden
D:5:      layout_loops_corners
D:6:      layout_cave_pools, tgw_xom, mainiacjoe_overflow_tiny_flanked,
          lemuel_crystal_altar, minmay_temple_entry_fiery
D:7:      layout_gridville, lemuel_doored_altar, hellmonk_guarded_unrand_gong
D:8:      layout_loops_ring, lemuel_crystal_altar, mainiacjoe_overflow_catwalk,
          minitemple, serial_bayou, serial_bayou_ford_a, serial_bayou_pond_b,
          serial_bayou_lake_a, serial_bayou_lagoon_a, enter_bailey_5,
          lemuel_flame_loot_1
D:9:      layout_small_grid, nicolae_sif_muna_condensation, fedhas_altar_2,
          lightli_temple_of_fire, glass_columns_a, minmay_misc_feat_four_crosses
D:10:     layout_basic, kennysheep_mini, grunt_livestock
D:11:     layout_roguey, dpeg_oklobed_lair, ebering_ghost_reflecting_pool,
          enter_trove_3, minmay_crystal_water, lemuel_another_geyser
D:12:     layout_rooms, david_orc_3, serial_corexii_hall,
          corexii_hall_statues_u, corexii_hall_statues_u,
          corexii_hall_statues_t, corexii_hall_statues_t,
          gammafunk_ghost_fury_of_okawaru, uniq_lodul
D:13:     layout_long_grid, david_vaults_1, serial_shops, shop,
          nzn_hepliaklqana_mist_gate
Temple:   ebering_the_one_and_only
Lair:1:   layout_regular_city
Lair:2:   layout_concentric_octagons, shoals_dummy_entry,
          portal_ice_cave_entry_ice_simulacra, grunt_megastairs_2,
          serial_bayou_shore_b, lemuel_fruit_fields
Lair:3:   layout_gridlike
Lair:4:   layout_gridlike, slime_entry_1, pf_torpor_hydra, lemuel_fruit_tree
Lair:5:   minmay_lair_end_frog_pond, layout_small_grid
Shoals:1: layout_shoals, nicolae_shoals_so_close
Shoals:2: layout_shoals, centaur_isle
Shoals:3: layout_shoals
Shoals:4: shoals_end_grunt_ice, layout_shoals, serial_shops, shop
Snake:1:  layout_rooms, basic_altar
Snake:2:  layout_honeycomb, serial_bayou_shore_a
Snake:3:  layout_concentric_octagons, serial_shops, nicolae_diamond_shop,
          drop_trap, minmay_shop_mass, minmay_shop_star, uniq_asterion
Snake:4:  hellmonk_snake_rune_quicksilver_temple, layout_misc_corridors,
          nicolae_wooded_promenade, nicolae_fountain_basement
Orc:1:    layout_caves, nicolae_orc_rockfall
Orc:2:    pf_orc_diabolical, layout_diamond_mine, gauntlet_entry_generic,
          basic_altar
Elf:1:    minmay_elf_arrival_summoners, layout_loops_cross, minmay_elf_sorcery,
          minivault_15, nicolae_shop_i_like_small_books_too, uniq_jorgrun
Elf:2:    nicolae_elf_blades_splatter_lattice [mumra_blade_entry_bloodbath],
          layout_geoelf_octagon, uniq_agnes
Elf:3:    minmay_elf_hall_not_hex, layout_rooms, uniq_aizul, uniq_roxanne
Vaults:1: nicolae_vaults_house_1, v_misc_22, nicolae_vaults_shrinking_rooms_2,
          ontoclasm_vaults_twist, ontoclasm_vaults_spin,
          nicolae_vaults_ninety_degrees, nicolae_vaults_little_squares_3,
          nicolae_vaults_diamond_1, v_pattern_4, vaults_dpeg_doors,
          nicolae_vaults_double_plus_2, nicolae_vaults_tangram_1,
          layout_vaults_ring, serial_shops, shop
Vaults:2: v_misc_15, nicolae_vaults_double_plus_2,
          hangedman_vaults_corner_blocks, nicolae_vaults_doubleplus_tesselated,
          nicolae_vaults_taking_the_gang_shopping,
          nicolae_vaults_antechamber_and_loot_room, layout_vaults_quadrants,
          serial_shops, shop
Vaults:3: gammafunk_ghost_crypt, vaults_room_hangedman_quadrants,
          minmay_crypt_entry_nasty_monster, ontoclasm_vaults_ring_large,
          nicolae_vaults_stairing_the_circle, nicolae_vaults_yaktaur_gun_rack,
          vaults_room_semicircle, nicolae_vaults_closet_pinwheel_3,
          nicolae_vaults_closet_pinwheel_4, layout_vaults_big_room, serial_glass
Vaults:4: portal_desolation_entry_salt, nicolae_vaults_storage_room_water,
          nicolae_vaults_ring_of_whatevers, vaults_room_pools, v_rooms_5,
          v_misc_29, vaults_mumra_lcd, hangedman_vaults_maws, vaults_room_fours,
          v_misc_9, st_cross, layout_vaults_omnicross, uniq_margery
Vaults:5: serial_shops

Skill      XL: |  1  2  3  4  5  6  7  8  9 10 11 12 13 14 15 16 17 18 19 20 21 |
---------------+----------------------------------------------------------------+-----
Fighting       | 1 2 3 4 5 6 7 8 10 12 14 15 16 | 16.0
Stealth        | 4 5 6 7 8 9 10 | 10.0
Armour         | 1 2 3 4 5 7 8 10 11 12 14 15 | 15.0
Long Blades    | 1 2 3 4 6 7 8 9 10 11 13 | 13.9
Dodging        | 3 5 6 7 9 10 12 14 16 18 20 | 20.0
Throwing       | 1 |  1.0
Evocations     | 1 2 3 5 6 7 |  7.0
Conjurations   | 3 |  3.0
Air Magic      | 3 |  3.0
Poison Magic   | 1 |  1.0
Hexes          | 3 4 |  4.0
Spellcasting   | 3 |  3.0
Shields        | 6 9 10 14 15 17 18 | 18.0
Invocations    | 3 8 11 | 11.6
Short Blades   | |  1.1

Action                     |  1- 3 |  4- 6 |  7- 9 | 10-12 | 13-15 | 16-18 | 19-21 || total
---------------------------+-------+-------+-------+-------+-------+-------+-------++-------
  Melee: Dagger            |    59 |    61 |       |       |       |       |       ||   120
         Kick              |     9 |    31 |   105 |   252 |   627 |   711 |   841 ||  2576
         Peck              |     5 |    13 |    69 |   172 |   409 |   466 |   544 ||  1678
         Punch             |     1 |     1 |     7 |     7 |       |       |       ||    16
         Spear             |       |    19 |       |       |       |       |       ||    19
         Rapier            |       |    57 |   294 |   573 |  1098 |   536 |       ||  2558
         Scimitar          |       |       |       |       |    10 |   599 |  1051 ||  1660
  Throw: Dart              |       |       |     4 |     5 |    25 |     7 |       ||    41
         Boomerang         |       |       |       |       |    13 |       |       ||    13
         Throwing net      |       |       |       |       |       |     9 |       ||     9
   Cast: Ensorcelled Hiber |       |    15 |    14 |     3 |    33 |     3 |       ||    68
         Confusing Touch   |       |       |    11 |    35 |    14 |       |       ||    60
         Mephitic Cloud    |       |       |     5 |    36 |    99 |    20 |       ||   160
         Dazzling Flash    |       |       |       |    19 |    63 |     5 |       ||    87
         Tukima's Dance    |       |       |       |       |     1 |     1 |       ||     2
 Invoke: Line Pass         |       |       |       |     1 |       |     2 |     4 ||     7
         Stomp             |       |       |       |       |       |     1 |     7 ||     8
         Grand Finale      |       |       |       |       |       |       |     1 ||     1
  Evoke: Wand              |       |       |     1 |     3 |     7 |    10 |     2 ||    23
         Phantom mirror    |       |       |       |       |     1 |     2 |       ||     3
    Use: Potion            |     1 |       |       |     5 |     3 |     7 |       ||    16
         Scroll            |       |       |       |    16 |    16 |    11 |     5 ||    48
   Stab: Sleeping          |     9 |    20 |    19 |    13 |    20 |    29 |    20 ||   130
         Invisible         |     1 |       |       |    11 |    32 |     1 |       ||    45
         Confused          |       |       |    11 |    45 |    89 |    17 |     1 ||   163
         Paralysed         |       |       |     2 |    16 |    37 |    76 |    99 ||   230
         Distracted        |       |       |       |     1 |     3 |     3 |     3 ||    10
         Held in net/web   |       |       |       |       |       |     6 |       ||     6
 Armour: Robe              |     4 |    10 |    21 |       |       |       |       ||    35
         Steam dragon scal |       |       |    21 |    66 |    21 |       |       ||   108
         Troll leather arm |       |       |       |       |    68 |    50 |    49 ||   167
  Dodge: Dodged            |    21 |    67 |   217 |   443 |   946 |   995 |   716 ||  3405
  Block: Buckler           |       |       |       |    42 |   382 |   196 |       ||   620
         Kite shield       |       |       |       |       |       |   536 |  1003 ||  1539
         Reflection        |       |       |       |       |       |    30 |    33 ||    63
Riposte: Rapier            |       |       |       |       |   182 |   199 |       ||   381
         Scimitar          |       |       |       |       |     4 |   160 |   442 ||   606
